 Dungeon Crawl Stone Soup version 0.18.1-8-gdd0e5ea (webtiles) character file.

271 Hipnos the Firebug (level 6, 0/39 HPs)
             Began as a Gargoyle Fire Elementalist on May 22, 2016.
             Slain by an orc priest
             ... wielding a +0 trident
              (3 damage)
             ... on level 4 of the Dungeon.
             The game lasted 00:08:37 (2420 turns).

Hipnos the Firebug (Gargoyle Fire Elementalist)     Turns: 2420, Time: 00:08:38

Health: 0/39       AC:  7    Str: 13    XL:     6   Next: 23%
Magic:  0/13       EV: 12    Int: 21    God:
Gold:   65         SH:  4    Dex: 10    Spells: 2 memorised, 10 levels left

rFire  + . .     SeeInvis .     k - +0 whip (freeze)
rCold  + + .     Gourm    .     a - +0 robe
rNeg   + . .     Faith    .     l - +0 buckler
rPois  ∞         Spirit   .     (no helmet)
rElec  +         Dismiss  .     (no cloak)
rCorr  +         Reflect  .     (no gloves)
SustAt .         Harm     .     i - +0 pair of boots
MR     .....                    (no amulet)
Stlth  ++........               (no ring)
                                e - ring of protection from cold

@: brilliant, resistant, very slightly contaminated, not resistant to hostile
enchantments, unstealthy
A: negative energy resistance 1, electricity resistance, unbreathing,
petrification resistance, rot immunity, AC +4
a: no special abilities


You were on level 4 of the Dungeon.
You were not hungry.

You visited 1 branch of the dungeon, and saw 4 of its levels.

You collected 65 gold pieces.

Inventory:

Hand Weapons
 k - a +0 whip of freezing (weapon)
Armour
 a - a +0 robe (worn)
 i - a +0 pair of boots (worn)
 l - a +0 buckler (worn)
Jewellery
 e - a ring of protection from cold (left hand)
 o - an uncursed ring of flight {unknown}
 p - an uncursed ring of see invisible {unknown}
Scrolls
 g - a scroll of enchant weapon {unknown}
 m - 2 scrolls of identify {unknown}
Potions
 d - a potion of resistance
Books
 b - a book of Flames

   Spells                             Type                      Level
   a - Flame Tongue                   Conjuration/Fire             1
   b - Throw Flame                    Conjuration/Fire             2
   c - Conjure Flame                  Conjuration/Fire             3
   d - Inner Flame                    Hexes/Fire                   3
   e - Sticky Flame                   Conjuration/Fire             4
   f - Fireball                       Conjuration/Fire             5
Comestibles
 c - 2 bread rations
 f - a chunk of flesh
 n - 8 fruits


   Skills:
 + Level 4.4 Fighting
 + Level 4.0 Maces & Flails
 + Level 4.3 Armour
 - Level 2.0 Dodging
 - Level 2.3 Stealth
 + Level 4.3 Shields
 + Level 4.6 Spellcasting
 + Level 5.2 Conjurations
 * Level 7.6 Fire Magic


You had 10 spell levels left.
You knew the following spells:

 Your Spells              Type           Power        Failure   Level  Hunger
a - Flame Tongue          Conj/Fire      #####        1%          1    None
b - Conjure Flame         Conj/Fire      #####...     1%          3    ##.....


Dungeon Overview and Level Annotations

Branches:
Dungeon (4/15)
 Temple: D:4-7

Altars:


Innate Abilities, Weirdness & Mutations

You are resistant to torment.
Your stone body is resilient (AC +4).
You are immune to poison.
You resist negative energy.
You are resistant to electric shocks.
You can survive without breathing.
You are immune to petrification.
You are immune to rotting.


Message History

Your Fighting skill gained 4 levels and is now at level 4!
Your Maces & Flails skill gained 4 levels and is now at level 4!
Your Armour skill gained 4 levels and is now at level 4!
Your Shields skill gained 4 levels and is now at level 4!
Your Spellcasting skill gained 2 levels and is now at level 4!
Your Conjurations skill gained 3 levels and is now at level 5!
Your Fire Magic skill gained 3 levels and is now at level 7!
You have reached level 6!
Your experience leads to an increase in your attributes!
Increase (S)trength, (I)ntelligence, or (D)exterity?
You feel stronger. You block the orc priest's attack.
Drink which item? (? for menu, Esc to quit)
It was a potion of brilliance.
You feel clever all of a sudden. You block the orc priest's attack.
You hit the orc priest. You freeze the orc priest.
The orc priest is almost dead.
The orc priest hits you with a trident.
You die...

### ..# #.# #.# # #.#
... #.# #.#..##.#####
#.....o@....##
###..####....## .# #.
####.##.......#.###
##....# .######.#...
#...#.##.# ##.#....
.....#......# ##.#.....
............###.#.....8
###.#.####.###.#.......
# #. #.##.#........


You could see an orc priest.

Vanquished Creatures
  A giant frog skeleton (D:4)
  A gnoll (D:3)
  3 adders
  A worm (D:2)
  4 giant geckos
  2 orcs (D:4)
  5 giant cockroaches
  8 goblins
  11 hobgoblins
  3 jackals (D:4)
  A quokka (D:2)
  4 bats
  4 giant newts
  13 kobolds
  3 rats
64 creatures vanquished.

Notes
Turn   | Place    | Note
--------------------------------------------------------------
     0 | D:1      | Hipnos the Gargoyle Fire Elementalist began the quest for the Orb.
     0 | D:1      | Reached XP level 1. HP: 10/10 MP: 3/3
   114 | D:1      | Reached XP level 2. HP: 11/15 MP: 5/5
   564 | D:1      | Reached XP level 3. HP: 10/19 MP: 3/6
  1197 | D:2      | Learned a level 3 spell: Conjure Flame
  1444 | D:2      | Reached XP level 4. HP: 19/24 MP: 2/7
  2042 | D:3      | Reached skill level 4 in Fire Magic
  2202 | D:4      | Reached XP level 5. HP: 22/28 MP: 1/9
  2413 | D:4      | HP: 1/28 [orc priest/trident (7)]
  2418 | D:4      | Reached skill level 5 in Conjurations
  2418 | D:4      | Reached skill level 7 in Fire Magic
  2418 | D:4      | Reached XP level 6. HP: 2/39 MP: 0/13
  2420 | D:4      | Slain by an orc priest

Skill      XL: |  1  2  3  4  5 |
---------------+----------------+-----
Dodging        | 2 |  2.0
Conjurations   | 2 5 |  5.2
Fire Magic     | 4 7 |  7.6
Fighting       | 4 |  4.4
Maces & Flails | 4 |  4.0
Armour         | 4 |  4.3
Shields        | 4 |  4.3
Spellcasting   | 4 |  4.6
Stealth        | |  2.3

Action                   |  1- 3 |  4- 6 || total
-------------------------+-------+-------++-------
Melee: Unarmed           |     8 |       ||     8
       Hand axe          |    42 |       ||    42
       Whip              |    35 |    28 ||    63
 Cast: Flame Tongue      |    59 |    47 ||   106
  Use: Scroll            |     2 |       ||     2
       Potion            |       |     3 ||     3
 Stab: Sleeping          |     2 |     1 ||     3
       Distracted        |       |     1 ||     1
  Eat: Chunk             |     3 |     3 ||     6
Armor: Robe              |    45 |    20 ||    65
Dodge: Dodged            |    77 |    24 ||   101
Block: Buckler           |     1 |    12 ||    13
